 Dungeon Crawl Stone Soup version 0.29-a0-857-g9b1aa3ac5b (webtiles) character file.

Game seed: 16746529932292459251

6027 jlumianski the Chiller (level 10, -11/60 HPs)
             Began as a Demonspawn Ice Elementalist on July 16, 2022.
             Was a Priest of Hepliaklqana.
             Mangled by a two-headed ogre
             ... wielding a +0 giant spiked club
              (14 damage)
             ... on level 9 of the Dungeon on July 17, 2022.
             The game lasted 01:14:44 (10837 turns).

jlumianski the Chiller (DsIE)                      Turns: 10837, Time: 01:14:47

Health: -11/60     AC: 13    Str:  8    XL:     10   Next: 56%
Magic:  0/21       EV: 12    Int: 22    God:    Hepliaklqana [***...]
Gold:   177        SH:  8    Dex: 13    Spells: 11/24 levels left

rFire   + . .      SeeInvis .   y - staff of cold
rCold   + . .      Faith    +   (no shield)
rNeg    . . .      Spirit   +   j - +1 leather armour {rF+}
rPois   .          Reflect  .   C - +0 helmet
rElec   .          Harm     .   (no cloak)
rCorr   .          Rampage  .   (no gloves)
Will    +....                   (no boots)
Stlth   ++........              P - amulet of faith
HPRegen 0.20/turn               r - ring of willpower
MPRegen 0.34/turn               (no ring)

@: ice-armoured
A: reduced essence, large bone plates 3, magic shield, magic regeneration,
weakness stinger 1
a: Renounce Religion, Recall Ancestor, Ancestor Identity, Transference


You were on level 9 of the Dungeon.
You worshipped Hepliaklqana.
Hepliaklqana was most pleased with you.
You visited 1 branch of the dungeon, and saw 9 of its levels.
You also visited: Bailey.

You collected 405 gold pieces.
You spent 228 gold pieces at shops.

Inventory:

Hand Weapons
 e - a +0 falchion
 f - a +0 dagger
 l - a +0 spear
 o - a +0 sling
 s - a +6 vorpal spear
 z - a +3 vorpal mace
 E - a +1 hand axe of flaming
 H - a +0 shortbow
 L - a +0 arbalest
 N - a +0 triple crossbow of flaming
 O - the +9 bardiche "Tuital" {vorpal, rPois rF++ rCorr Int-5}
   (You found it in a bailey)

   It inflicts extra damage upon your enemies.
   Int:       It affects your intelligence (-5).
   rF:        It greatly protects you from fire.
   rPois:     It protects you from poison.
   rCorr:     It protects you from acid and corrosion.
Missiles
 d - 111 stones
 g - 11 poisoned darts
 i - 15 boomerangs (quivered)
 m - 5 javelins
Armour
 a - a +0 robe
 j - a +1 leather armour of fire resistance (worn)
 q - a +1 leather armour
 C - a +0 helmet (worn)
Magical Staves
 y - a staff of cold (weapon)
 I - a staff of air
Jewellery
 r - a ring of willpower (left hand)
 P - an amulet of faith (around neck)
Wands
 k - a wand of roots (6)
 t - a wand of paralysis (1)
 w - a wand of mindburst (16)
Scrolls
 c - 3 scrolls of teleportation
 n - 2 scrolls of poison
 x - 2 scrolls of noise
 D - a scroll of summoning
 M - 3 scrolls of enchant weapon
 Q - a scroll of blinking {unknown}
 S - a scroll of fear {unknown}
 T - a scroll of magic mapping
Potions
 b - a potion of magic
 h - a potion of ambrosia
 p - 2 potions of might
 u - a potion of curing
 v - 2 potions of haste
 A - 4 potions of attraction
 B - 2 potions of lignification {unknown}
 F - a potion of flight
 G - 2 potions of brilliance {unknown}
 J - 2 potions of heal wounds
 K - a potion of mutation {unknown}
 R - a potion of degeneration {unknown}


   Skills:
 + Level 1.9 Fighting
 + Level 0.8(1.5) Maces & Flails
 + Level 2.1(2.2) Staves
 + Level 1.5 Ranged Weapons
 + Level 1.1 Throwing
 + Level 3.0 Armour
 + Level 3.1 Dodging
 + Level 3.5 Stealth
 - Level 0.7 Shields
 + Level 7.5 Spellcasting
 * Level 3.5 Conjurations
 + Level 1.7 Hexes
 + Level 7.8 Ice Magic
 * Level 4.5 Invocations
 * Level 7.0 Evocations


You had 11 spell levels left.
You knew the following spells:

 Your Spells              Type           Power      Damage    Failure   Level
a - Freeze                Ice            100%       1d11      1%          1
b - Frozen Ramparts       Ice            100%       1d12      1%          3
c - Ozocubu's Armour      Ice            59%        N/A       1%          3
d - Ensorcelled Hibernat  Hex/Ice        88%        N/A       2%          2
e - Hailstorm             Conj/Ice       49%        3d11      11%         4

Your spell library contained the following spells:

 Spells                   Type           Power      Damage    Failure   Level
 Magic Dart               Conj           92%        1d7       2%          1
 Call Imp                 Summ           8%         N/A       17%         2
 Passwall                 Tmut/Erth      6%         N/A       17%         2
 Sublimation of Blood     Necr           8%         N/A       17%         2
 Wereblood                Tmut           8%         N/A       17%         2
 Mephitic Cloud           Conj/Pois/Air  13%        N/A       21%         3
 Swiftness                Air            8%         N/A       32%         3
 Summon Hydra             Summ           4%         N/A       100%        7


Dungeon Overview and Level Annotations

Branches:
Dungeon (9/15)             Temple (0/1) D:6          Bailey (visited)
   Lair: D:8-11         Orc: D:9-12

Altars:
Cheibriados
Dithmenos
Gozag
Hepliaklqana
Makhleb
Sif Muna
Uskayaw
Wu Jian

Shops:
D:4 [


Innate Abilities, Weirdness & Mutations

Your life essence is reduced to manifest your ancestor. (-10% HP)
You are completely covered in large bone plates. (SH +8)
When hurt, damage is shared between your health and your magic reserves.
You regenerate magic rapidly.
You have a small tail.


Message History

Casting: Frozen Ramparts (safe; 1% risk of failure)
Press: ? - help, Dir - look around, f - activate You feel a surge of power!
The walls around you are covered in ice.
Casting: Frozen Ramparts (safe; 1% risk of failure)
Confirm with . or Enter, or press ? or * to list all spells.
You feel a surge of power! A film of ice covers your body!
The wall freezes the two-headed ogre!
You hit the two-headed ogre. You freeze the two-headed ogre!
The two-headed ogre is heavily wounded.
The wall freezes the two-headed ogre!
The two-headed ogre hits you with a +0 giant spiked club!!
The two-headed ogre misses you. What are your orders? t - Shout!
Orders for allies: a - Attack new target. r - Retreat! s - Stop attacking. g - Guard the area. f - Follow me.
Anything else - Cancel.
Gang up on whom?
Press: ? - help, Dir - move target, f - two-headed ogre
Aim: a two-headed ogre, wielding a +0 giant spiked club and a +0 giant club (severely wounded) Attack!
The wall freezes the two-headed ogre!
You block the two-headed ogre's attack.
The two-headed ogre hits you with a +0 giant club!!
You closely miss the two-headed ogre.
The two-headed ogre is almost dead.
Titus hits the two-headed ogre with a +0 flail.
Press: ? - help, v - describe, . - travel
Here: a two-headed ogre, wielding a +0 giant spiked club and a +0 giant club (almost dead, ally target)
An open door, spattered with blood.
Okay, then.
You hit the two-headed ogre but do no damage.
Your tail-slap misses the two-headed ogre.
The two-headed ogre is almost dead.
The frozen ramparts melt away.
The two-headed ogre hits you with a +0 giant spiked club!!
* * * LOW HITPOINT WARNING * * *
The two-headed ogre hits you with a +0 giant club!
You die...

.................................
..##########'#####+##†...........
..# ...........# #......######
..# ...........# #......# ..#
...........# #......###### #
######+###+## #....†.......
#.......#####'###.......
#.......#.).....#.......
#@OR).....#.......
#.#.).....#.......
...#.5##...#.......
....##..#######'##...
......#...R#.......#...
###...+....#.......#
....#....O.......#
.....#....#.......#
#....#....)...


You could see the friendly Titus the knight, a two-headed ogre (ally target) and
a quasit (summoned).

Vanquished Creatures
  An orc knight (Bailey)
  Prince Ribbit (D:7)
  Grinder (D:5)
  A wyvern (D:7)
  3 steam dragons
  Menkaure (D:3)
  2 water moccasins (D:7)
  2 sky beasts
  4 orc warriors
  A black bear (D:6)
  An ogre (D:4)
  2 phantoms
  2 bullfrogs
  2 necrophages
  A gnoll sergeant (D:6)
  A scorpion (D:5)
  A wight (D:8)
  5 killer bees
  5 hounds
  2 gnoll boudas
  7 orc priests
  2 iguanas
  6 orc wizards
  14 gnolls
  12 adders
  3 shadow imps (D:4)
  4 white imps
  4 ufetubi
  A worm (D:2)
  3 dart slugs
  27 orcs
  8 endoplasms
  2 giant cockroaches
  7 goblins
  6 hobgoblins
  2 jackals (D:4)
  11 kobolds
  2 quokkas
  5 ball pythons
  5 bats
  3 frilled lizards
  8 rats
181 creatures vanquished.

Vanquished Creatures (collateral kills)
  An orc knight (Bailey)
  A water moccasin (D:8)
  5 orc warriors (Bailey)
  An ice beast (D:7)
  A necrophage (D:8)
  5 wights (D:8)
  5 killer bees
  A howler monkey (D:9)
  5 gnolls
  14 orcs
  2 goblins (D:7)
41 creatures vanquished.

Vanquished Creatures (others)
  3 ancestors
  8 demonic plants (D:4)
  11 plants (D:3)
22 creatures vanquished.

Grand Total: 244 creatures vanquished

Notes
Turn   | Place    | Note
-------+----------+-------------------------------------------
     0 | D:1      | jlumianski the Demonspawn Ice Elementalist began the quest
                  | for the Orb.
     0 | D:1      | Reached XP level 1. HP: 13/13 MP: 3/3
   931 | D:1      | Gained mutation: You are partially covered in large bone
                  | plates. (SH +4) [demonic ancestry]
   931 | D:1      | Reached XP level 2. HP: 10/19 MP: 1/5
  1872 | D:2      | Gained mutation: You are mostly covered in large bone
                  | plates. (SH +6) [demonic ancestry]
  1872 | D:2      | Reached XP level 3. HP: 24/24 MP: 1/6
  2040 | D:2      | Reached skill level 1 in Ranged Weapons
  2370 | D:3      | Reached XP level 4. HP: 28/30 MP: 3/7
  2374 | D:3      | Learned a level 3 spell: Frozen Ramparts
  2378 | D:3      | Learned a level 3 spell: Ozocubu's Armour
  2666 | D:3      | Found an opulent altar of Gozag.
  2717 | D:3      | Noticed a +0 dagger
  2717 | D:3      | Noticed a +0 short sword
  2718 | D:3      | Noticed a +0 falchion
  2719 | D:3      | Noticed a +0 spear
  2719 | D:3      | Noticed a +0 spear
  2719 | D:3      | Noticed a +0 falchion
  2720 | D:3      | Noticed a +0 dagger
  2722 | D:3      | Noticed a +0 short sword
  2730 | D:3      | Found a hide-covered altar of Uskayaw.
  2964 | D:3      | Found an ornate altar of the Wu Jian Council.
  3305 | D:4      | Gained mutation: You regenerate magic rapidly. [demonic
                  | ancestry]
  3305 | D:4      | Reached XP level 5. HP: 32/35 MP: 5/9
  3306 | D:4      | Reached skill level 1 in Evocations
  3453 | D:4      | Learned a level 2 spell: Ensorcelled Hibernation
  3493 | D:4      | Noticed Menkaure
  3972 | D:3      | Killed Menkaure
  3973 | D:3      | Reached XP level 6. HP: 21/42 MP: 1/11
  4232 | D:4      | Reached skill level 1 in Armour
  4817 | D:4      | Reached skill level 1 in Staves
  4933 | D:4      | Gained mutation: When hurt, damage is shared between your
                  | health and your magic reserves. [demonic ancestry]
  4933 | D:4      | Reached XP level 7. HP: 39/47 MP: 8/12
  4940 | D:5      | Entered Level 5 of the Dungeon
  5069 | D:4      | Found Leenikoc's Antique Armour Shop.
  5074 | D:4      | Bought a glowing leather armour for 120 gold pieces
  5518 | D:5      | Found a hazy altar of Hepliaklqana.
  5522 | D:5      | Became a worshipper of Hepliaklqana the Forgotten
  5860 | D:5      | Noticed Grinder
  5954 | D:4      | Bought a helmet for 108 gold pieces
  6012 | D:5      | Reached skill level 5 in Ice Magic
  6455 | D:5      | Reached XP level 8. HP: 53/53 MP: 7/15
  6621 | D:5      | Killed Grinder
  6622 | D:5      | Reached skill level 5 in Spellcasting
  6807 | D:6      | Reached skill level 1 in Fighting
  7358 | D:6      | Reached * piety under Hepliaklqana
  7383 | D:6      | Found a staircase to the Ecumenical Temple.
  7474 | D:6      | Reached skill level 5 in Evocations
  7685 | D:6      | Gained mutation: You are completely covered in large bone
                  | plates. (SH +8) [demonic ancestry]
  7685 | D:6      | Reached XP level 9. HP: 53/53 MP: 14/18
  8126 | D:6      | Learned a level 4 spell: Hailstorm
  8240 | D:7      | Reached skill level 1 in Conjurations
  8294 | D:7      | Reached skill level 1 in Invocations
  8422 | D:7      | Found a burning altar of Makhleb.
  8509 | D:7      | Noticed Prince Ribbit
  8542 | D:7      | Killed Prince Ribbit
  8562 | D:7      | Reached ** piety under Hepliaklqana
  8583 | D:7      | Remembered your ancestor Titus as a knight
  8585 | D:7      | Found a snail-covered altar of Cheibriados.
  8663 | D:7      | Found a flagged portal.
  8673 | Bailey   | Entered a bailey
  9359 | Bailey   | Gained mutation: You have a small tail. [demonic ancestry]
  9359 | Bailey   | Reached XP level 10. HP: 60/60 MP: 14/20
  9395 | Bailey   | Noticed an orc knight
  9395 | Bailey   | Noticed an orc knight
  9400 | Bailey   | Killed an orc knight
  9401 | Bailey   | Reached skill level 1 in Hexes
  9403 | Bailey   | Killed an orc knight
  9404 | Bailey   | Reached skill level 1 in Throwing
  9412 | Bailey   | Identified the +9 bardiche "Tuital" {vorpal, rPois rF++
                  | rCorr Int-5}
  9827 | D:7      | Found a shimmering blue altar of Sif Muna.
 10146 | D:8      | Found a shadowy altar of Dithmenos.
 10621 | D:9      | Reached *** piety under Hepliaklqana
 10815 | D:9      | Noticed a two-headed ogre
 10837 | D:9      | HP: 3/60 [two-headed ogre/+0 giant spiked club (16)]
 10837 | D:9      | Mangled by a two-headed ogre

Illustrated notes

Levels and vault maps discovered:
D:1:      dpeg_arrival_three_same_balls, layout_basic, serial_forest,
          infiniplex_forest_straight_4, infiniplex_forest_end_double,
          infiniplex_forest_zigzag_1, infiniplex_forest_clump_diagonal,
          infiniplex_forest_lined_3, dreamdust_wishing_well
D:2:      layout_basic, chequers_serial_rivers_small_3
D:3:      layout_basic, nzn_wu_jian_contemplation, mainiacjoe_overflow_alcove_4,
          nicolae_uskayaw_en_pointe, lexackson_kobold_supper
D:4:      layout_loops_ring, serial_demonic, serial_demonic_d, serial_demonic_f,
          serial_demonic_e, serial_demonic_e, serial_shops, shop_statue,
          grunt_ministairs_1, hangedman_decor_push, due_unseen_surprise,
          uniq_menkaure
D:5:      layout_basic, nzn_hepliaklqana_mist_gate, uniq_grinder
D:6:      layout_gridville, minmay_temple_entry_statues
D:7:      layout_loops_ring, mainiacjoe_overflow_alcove_1, marbit_many_paths,
          mainiacjoe_overflow_surrounded_room, enter_bailey_3,
          uniq_prince_ribbit1
D:8:      layout_gridville, mainiacjoe_overflow_24_doors
D:9:      layout_stronghold, gammafunk_temple_overflow_claw,
          chequers_serial_rivers_micro_d, hex_tiny, minmay_ruined_shrine

Skill      XL: |  1  2  3  4  5  6  7  8  9 10 |
---------------+-------------------------------+-----
Ice Magic      | 4 5 6 7 |  7.8
Ranged Weapons | 1 |  1.5
Stealth        | 2 3 |  3.5
Evocations     | 2 3 5 6 7 |  7.0
Spellcasting   | 3 4 6 7 |  7.5
Dodging        | 2 3 |  3.1
Armour         | 1 2 3 |  3.0
Staves         | 1 2 |  2.1
Fighting       | 1 |  1.9
Conjurations   | 3 |  3.5
Invocations    | 3 4 |  4.5
Hexes          | 1 |  1.7
Throwing       | 1 |  1.1
Maces & Flails | |  0.8
Shields        | |  0.7

Action                   |  1- 3 |  4- 6 |  7- 9 | 10-12 || total
-------------------------+-------+-------+-------+-------++-------
Melee: Falchion          |     3 |       |       |       ||     3
       Staff             |       |   107 |    87 |    28 ||   222
       Mace              |       |     4 |    26 |       ||    30
       Punch             |       |       |     1 |       ||     1
       Tailslap          |       |       |       |     4 ||     4
 Fire: Sling             |    46 |       |       |       ||    46
       Triple crossbow   |       |       |       |     1 ||     1
Throw: Boomerang         |       |       |    13 |       ||    13
 Cast: Freeze            |    37 |    15 |     1 |     2 ||    55
       Frozen Ramparts   |       |    23 |    48 |     9 ||    80
       Ozocubu's Armour  |       |     5 |    14 |     4 ||    23
       Ensorcelled Hiber |       |     1 |    22 |     4 ||    27
       Hailstorm         |       |       |       |     1 ||     1
Invok: Ancestor Life: Kn |       |       |     1 |       ||     1
Evoke: Wand              |       |     2 |     5 |     4 ||    11
  Use: Scroll            |       |     7 |     4 |     2 ||    13
       Potion            |       |     3 |     1 |       ||     4
 Stab: Sleeping          |       |     2 |       |       ||     2
       Distracted        |       |     1 |       |       ||     1
Armor: Robe              |     3 |       |       |       ||     3
       Leather armour    |     3 |    22 |    45 |     5 ||    75
Dodge: Dodged            |    10 |    67 |    97 |    24 ||   198
Block: Other             |     5 |    31 |    50 |    23 ||   109

Table legend: (Time is in decaauts)
 A = Elapsed time spent in this place.
 B = Non-inter-level travel time spent in this place.
 C = Inter-level travel time spent in this place.
 D = Time resting spent in this place.
 E = Time spent auto-exploring this place.
 F = Levels seen in this place.
 G = Mean time per level.
                   A        B        C        D        E       F      G
               +--------+--------+--------+--------+--------+-----+--------+
         Total |  10937 |  10734 |    203 |   1858 |   5522 |  10 | 1093.7 |
       Dungeon |   9931 |   9728 |    203 |   1350 |   5498 |   9 | 1103.4 |
        Bailey |   1006 |   1006 |      0 |    508 |     23 |   1 | 1006.0 |
               +--------+--------+--------+--------+--------+-----+--------+

Top non-repeatable levels by time:
     D:3: 1872 daAuts
     D:1: 1396 daAuts
     D:6: 1394 daAuts
     D:5: 1369 daAuts
     D:4: 1331 daAuts
  Bailey: 1006 daAuts
     D:7: 991 daAuts
     D:2: 852 daAuts
     D:8: 475 daAuts
     D:9: 247 daAuts
